 Dungeon Crawl Stone Soup version 0.24.1-8-ga250c9d538 (webtiles) character file.

Game seed: 10101984804512364864, levelgen mode: deterministic

45 Peloso the Skirmisher (level 3, -1/31 (33) HPs)
             Began as a Ghoul Fighter on May 1, 2020.
             Slain by an adder (4 damage)
             ... on level 2 of the Dungeon.
             The game lasted 00:02:31 (918 turns).

Peloso the Skirmisher (Ghoul Fighter)                Turns: 918, Time: 00:02:31

HP:   -1/31 (33)    AC:  6    Str: 20    XL:     3   Next: 64%
MP:   2/2           EV:  7    Int:  3    God:
Gold: 60            SH:  8    Dex:  8    Spells: 2/2 levels left

rFire    . . .     SeeInvis .   a - +0 long sword
rCold    + . .     Gourm    .   c - +0 shield
rNeg     + + +     Faith    .   b - +0 scale mail
rPois    ∞         Spirit   .   (no helmet)
rElec    .         Reflect  .   (no cloak)
rCorr    .         Harm     .   (no gloves)
MR       .....                  (no boots)
Stlth    ..........             m - amulet of the acrobat
HPRegen  0.00/turn              (no ring)
MPRegen  0.08/turn              (no ring)

@: rotting
A: rotting body, claws 1, carnivore, cold resistance 1, negative energy
resistance 3, inhibited regeneration, torment resistance, unbreathing
a: no special abilities


You were on level 2 of the Dungeon.
You were not hungry.

You visited 1 branch of the dungeon, and saw 2 of its levels.

You collected 60 gold pieces.

Inventory:

Hand Weapons
 a - a +0 long sword (weapon)
Armour
 b - a +0 scale mail (worn)
 c - a +0 shield (worn)
Jewellery
 g - an uncursed ring of fire {unknown}
 m - an amulet of the acrobat (around neck)
Scrolls
 e - 2 scrolls of enchant weapon {unknown}
 i - 3 scrolls of identify {unknown}
 k - a scroll of enchant armour {unknown}
 l - a scroll of blinking {unknown}
 n - a scroll of magic mapping {unknown}
Potions
 d - 2 potions of might
 h - a potion of berserk rage
 j - 2 potions of mutation {unknown}
Comestibles
 f - 2 rations


   Skills:
 + Level 3.8 Fighting
 + Level 2.2 Long Blades
 + Level 3.1 Armour
 + Level 0.2 Dodging
 + Level 3.0 Shields


You had 2 spell levels left.
You didn't know any spells.
Your spell library was empty.

Dungeon Overview and Level Annotations

Branches:
Dungeon (2/15)

Altars:
Nemelex Xobeh
Yredelemnul


Innate Abilities, Weirdness & Mutations

Your body is rotting away.
You thrive on raw meat.
You are immune to poison.
You have sharp fingernails.
You are carnivorous and can eat meat at any time.
Your flesh is cold resistant. (rC+)
You are immune to negative energy. (rN+++)
You do not regenerate when monsters are visible.
You are immune to unholy pain and torment.
You can survive without breathing.


Message History

The kobold unwields a +1 dagger of speed.
The kobold wields a +0 hunting sling.
The kobold shoots a stone.
The stone hits you but does no damage.
You hit the adder.
The adder is heavily wounded.
The adder bites you but does no damage. You block the adder's attack.
You miss the adder.
The adder is heavily wounded.
The adder bites you but does no damage. The adder bites you.
* * * LOW HITPOINT WARNING * * *
Your shield and scale mail prevent you from hitting the adder.
The adder is heavily wounded.
You block the adder's attack. The adder closely misses you.
You miss the adder.
The adder is heavily wounded.
The adder barely misses you.
You closely miss the adder.
The adder is heavily wounded.
You block the adder's attack. The adder bites you.
You die...

.... ###
.....
.........
.......
#.## #.#...
#....##.#.#
# #..S.K.#
.#
#@..##..#
#........
##......##
#.........
#.†####.#.
#..## #
#...# #...#
####...#


You could see an adder and a kobold.

Vanquished Creatures
  An adder (D:2)
  A dart slug (D:1)
  A leopard gecko (D:1)
  3 bats
  A giant cockroach (D:2)
  7 goblins
  4 hobgoblins
  A ball python (D:1)
  2 frilled lizards (D:1)
  6 kobolds
  5 rats
32 creatures vanquished.

Notes
Turn   | Place    | Note
-------+----------+-------------------------------------------
     0 | D:1      | Peloso the Ghoul Fighter began the quest for the Orb.
     0 | D:1      | Reached XP level 1. HP: 19/19 MP: 0/0
    51 | D:1      | Reached XP level 2. HP: 17/26 MP: 1/1
   355 | D:1      | Found a sparkling altar of Nemelex Xobeh.
   487 | D:1      | Reached XP level 3. HP: 22/31 MP: 2/2
   775 | D:2      | Found a basalt altar of Yredelemnul.
   918 | D:2      | Slain by an adder

Levels and vault maps discovered:
D:1:      dpeg_arrival_simpleton_b, layout_rooms,
          nemelex_xobeh_ov_fountains_minmay
D:2:      layout_rooms, vehumet_crystals, yredelemnul_altar_generic,
          lexackson_kobold_supper

Skill      XL: |  1  2  3 |
---------------+----------+-----
Long Blades    | 2 |  2.2
Armour         | 3 |  3.1
Shields        | 3 |  3.0
Fighting       | |  3.8
Dodging        | |  0.2

Action                   || total
-------------------------++-------
Melee: Long sword        ||   105
  Use: Potion            ||     1
  Eat: Chunk             ||     1
Armor: Scale mail        ||    50
Dodge: Dodged            ||    47
Block: Shield            ||    66
       Rpst.: Long sword ||    15
